 Dungeon Sprint DCSS version 0.29-a0-813-g4a14ea37d6 (webtiles) character file.

Game seed: 16581675586799954039

2683 123456 the Warrior (level 9, -22/97 HPs)
             Began as a Minotaur Fighter on July 4, 2022.
             Was a High Priest of Okawaru.
             Killed from afar by a deep elf pyromancer (41 damage)
             ... with a bolt of fire
             ... in the Dungeon (Sprint IX: "|||||||||||||||||||||||||||||").
             The game lasted 00:01:24 (509 turns).

123456 the Warrior (Minotaur Fighter)                Turns: 509, Time: 00:01:25

Health: -22/97     AC: 13    Str: 23    XL:     9   Next: 37%
Magic:  8/8        EV: 14    Int:  7    God:    Okawaru [*****.]
Gold:   0          SH:  0    Dex: 13    Spells: 8/8 levels left

rFire   . . .      SeeInvis .   n - +2 dire flail (vorpal)
rCold   . . .      Faith    .   (shield currently unavailable)
rNeg    . . .      Spirit   .   o - +1 scale mail
rPois   .          Reflect  .   (helmet restricted)
rElec   .          Harm     .   (no cloak)
rCorr   .          Rampage  .   (no gloves)
Will    .....      NoTele   +   a - +0 pair of boots
Stlth   ..........              (no amulet)
HPRegen 0.26/turn               p - +3 ring of strength
MPRegen 0.11/turn               q - +2 ring of protection

@: no status effects
A: horns 2, retaliatory headbutt
a: Renounce Religion, Heroism, Finesse


You were in the Dungeon.
You worshipped Okawaru.
Okawaru was extremely pleased with you.
You visited 1 branch

Inventory:

Hand Weapons
 n - a +2 vorpal dire flail (weapon)
Armour
 a - a +0 pair of boots (worn)
 o - a +1 scale mail (worn)
Jewellery
 p - a +3 ring of strength (left hand)
 q - a +2 ring of protection (right hand)
Wands
 m - a wand of acid (10)
Scrolls
 j - 2 scrolls of blinking
 l - 2 scrolls of amnesia
Potions
 d - a potion of might
 e - 5 potions of curing
 f - 3 potions of heal wounds
 g - a potion of haste
 h - 4 potions of magic
 i - a potion of berserk rage
 k - a potion of invisibility


   Skills:
 * Level 15.3 Fighting
 * Level 15.0 Maces & Flails
 + Level 11.1 Armour
 + Level 9.9 Dodging
 - Level 3.6 Shields


You had 8 spell levels left.
You didn't know any spells.
Your spell library was empty.

Dungeon Overview and Level Annotations

Branches:
Dungeon (1/1)

Altars:
Cheibriados
Dithmenos
Elyvilon
Fedhas
Gozag
Hepliaklqana
Kikubaaqudgha
Makhleb
Nemelex Xobeh
Okawaru
Qazlal
Ru
Sif Muna
Trog
Uskayaw
Vehumet
Wu Jian
Xom
Yredelemnul
Zin
The Shining One
Jiyva
Lugonu


Innate Abilities, Weirdness & Mutations

You have a pair of horns on your head.
You reflexively headbutt those who attack you in melee.


Message History

You barely miss the deep elf pyromancer.
The deep elf pyromancer is severely wounded.
The fire elemental barely misses you.
The vampire mosquito is engulfed in blazing flames.
The deep elf pyromancer hits you with a +0 long sword!
* * * LOW HITPOINT WARNING * * *
You puncture the deep elf pyromancer!
You kill the deep elf pyromancer!
Okawaru is honoured by your kill.
The fire elemental disappears in a puff of smoke!
Your Fighting skill increases to level 15!
Your Maces & Flails skill increases to level 15!
Your Armour skill increases to level 11!
You hit the vampire mosquito but do no damage.
The vampire mosquito is severely damaged.
The vampire mosquito bites you but does no damage.
The deep elf pyromancer mumbles some strange words.
You hit the vampire mosquito.
The vampire mosquito is almost destroyed.
The vampire mosquito bites you but does no damage.
You thump the vampire mosquito!
You destroy the vampire mosquito!
Okawaru accepts your kill.
Unknown command.
Unknown command.
You puncture the fire elemental!
You headbutt the fire elemental, but do no damage.
The fire elemental is moderately damaged.
The fire elemental hits you. The fire elemental burns you!
* * * LOW HITPOINT WARNING * * *
You thump the fire elemental! You headbutt the fire elemental!
The fire elemental is almost destroyed.
The fire elemental misses you.
You hit the fire elemental.
You destroy the fire elemental!
The fire elemental disappears in a puff of smoke!
The deep elf pyromancer casts a spell at you.
The bolt of fire hits the fire elemental.
The fire elemental completely resists.
The bolt of fire hits you!!!
You die...

▓.▓
▓[▓
▓)▓
▓)▓
▓)▓
▓[▓
▓.▓
▓)▓
▓@▓
▓§▓
▓E▓
▓°▓
▓.▓
▓°▓
▓e▓
▓.▓
▓+▓


You could see a deep elf pyromancer and a fire elemental (summoned).

Vanquished Creatures
  A centaur warrior (D)
  A two-headed ogre (D)
  A deep elf pyromancer (D)
  A cyclops (D)
  A tengu conjurer (D)
  2 wyverns (D)
  A vampire mosquito (D)
  A centaur (D)
  2 orc wizards (D)
  3 adders (D)
  An ufetubus (D)
  A dart slug (D)
  An orc (D)
  A giant cockroach (D)
  A kobold (D)
  A quokka (D)
  A rat (D)
21 creatures vanquished.

Notes
Turn   | Place    | Note
-------+----------+-------------------------------------------
     0 | D        | 123456 the Minotaur Fighter began the quest for the Orb.
     0 | D        | Reached XP level 1. HP: 19/19 MP: 0/0
    12 | D        | Reached skill level 1 in Dodging
   117 | D        | Reached XP level 2. HP: 28/28 MP: 1/1
   119 | D        | Reached skill level 5 in Fighting
   125 | D        | Reached XP level 3. HP: 35/37 MP: 2/2
   128 | D        | Reached skill level 5 in Maces & Flails
   170 | D        | Found a snail-covered altar of Cheibriados.
   170 | D        | Found a shadowy altar of Dithmenos.
   170 | D        | Found a white marble altar of Elyvilon.
   170 | D        | Found a blossoming altar of Fedhas.
   170 | D        | Found an opulent altar of Gozag.
   171 | D        | Found a hazy altar of Hepliaklqana.
   172 | D        | Found a viscous altar of Jiyva.
   173 | D        | Found an ancient bone altar of Kikubaaqudgha.
   174 | D        | Found a corrupted altar of Lugonu.
   175 | D        | Found a burning altar of Makhleb.
   176 | D        | Found a sparkling altar of Nemelex Xobeh.
   177 | D        | Found an iron altar of Okawaru.
   178 | D        | Found a stormy altar of Qazlal.
   179 | D        | Found a sacrificial altar of Ru.
   180 | D        | Found a shimmering blue altar of Sif Muna.
   181 | D        | Found a bloodstained altar of Trog.
   182 | D        | Found a hide-covered altar of Uskayaw.
   183 | D        | Found a radiant altar of Vehumet.
   184 | D        | Found an ornate altar of the Wu Jian Council.
   185 | D        | Became a worshipper of Warmaster Okawaru
   186 | D        | Found a shimmering altar of Xom.
   187 | D        | Found a basalt altar of Yredelemnul.
   188 | D        | Found a glowing silver altar of Zin.
   189 | D        | Found a glowing golden altar of the Shining One.
   241 | D        | Noticed a wyvern
   241 | D        | Noticed a two-headed ogre
   241 | D        | Noticed a centaur
   241 | D        | Noticed a wyvern
   248 | D        | Killed a wyvern
   248 | D        | Reached * piety under Okawaru
   249 | D        | Reached XP level 4. HP: 49/49 MP: 3/3
   249 | D        | Reached XP level 5. HP: 56/56 MP: 4/4
   253 | D        | Killed a two-headed ogre
   253 | D        | Reached ** piety under Okawaru
   253 | D        | Reached *** piety under Okawaru
   254 | D        | Reached XP level 6. HP: 29/70 MP: 5/5
   254 | D        | Reached XP level 7. HP: 32/77 MP: 6/6
   262 | D        | Killed a wyvern
   262 | D        | Reached **** piety under Okawaru
   263 | D        | Reached XP level 8. HP: 35/85 MP: 7/7
   483 | D        | Noticed a cyclops
   483 | D        | Noticed a centaur warrior
   483 | D        | Noticed a tengu conjurer
   483 | D        | Noticed a deep elf pyromancer
   483 | D        | Noticed a deep elf pyromancer
   486 | D        | Killed a cyclops
   493 | D        | Killed a centaur warrior
   493 | D        | Reached ***** piety under Okawaru
   494 | D        | Reached skill level 10 in Armour
   496 | D        | Killed a tengu conjurer
   497 | D        | Reached XP level 9. HP: 46/96 MP: 8/8
   503 | D        | Killed a deep elf pyromancer
   504 | D        | Reached skill level 15 in Fighting
   504 | D        | Reached skill level 15 in Maces & Flails
   509 | D        | Killed from afar by a deep elf pyromancer

Illustrated notes

Levels and vault maps discovered:
D:        linesprint [early_d, line_temple, items_1, d_10, items_2, lair_1,
          lair_end, items_3, orc_1, orc_end, items_4, d_15, swamp_1, shoals_1,
          snake_1, spider_1, d_20, vaults_1, items_5, swamp_end, shoals_end,
          snake_end, spider_end, vaults_end, d_27, items_6, zot_1, zot_end,
          crypt_end, forest_end, elf_end, slime_end, tomb_end, abyss_end,
          pan_hell_end]

Skill      XL: |  1  2  3  4  5  6  7  8  9 |
---------------+----------------------------+-----
Fighting       | 4 5 8 12 14 15 | 15.3
Maces & Flails | 3 4 8 11 12 14 15 | 15.0
Dodging        | 1 2 4 7 9 |  9.9
Armour         | 4 6 8 9 10 11 | 11.1
Shields        | |  3.6

Action                   |  1- 3 |  4- 6 |  7- 9 || total
-------------------------+-------+-------+-------++-------
Melee: Flail             |    23 |       |       ||    23
       Headbutt          |     5 |     2 |     7 ||    14
       Dire flail        |     7 |     5 |    31 ||    43
Armor: Scale mail        |    13 |     1 |    17 ||    31
Dodge: Dodged            |    12 |     3 |    15 ||    30
Block: Buckler           |     8 |       |       ||     8

Table legend: (Time is in decaauts)
 A = Elapsed time spent in this place.
 B = Non-inter-level travel time spent in this place.
 C = Inter-level travel time spent in this place.
 D = Time resting spent in this place.
 E = Time spent auto-exploring this place.
 F = Levels seen in this place.
 G = Mean time per level.
                   A        B        C        D        E       F      G
               +--------+--------+--------+--------+--------+-----+--------+
         Total |    502 |    502 |      0 |    210 |    148 |   1 |  502.0 |
       Dungeon |    502 |    502 |      0 |    210 |    148 |   1 |  502.0 |
               +--------+--------+--------+--------+--------+-----+--------+

Top non-repeatable levels by time:
       D: 502 daAuts
